 Dungeon Crawl Stone Soup version 0.17-a0-2127-g1cb09f6 (webtiles) character file.

875 M4edhros the Charlatan (level 8, -11/48 HPs)
             Began as an Octopode Artificer on Oct 23, 2015.
             Mangled by a gnoll sergeant
             ... wielding a cursed -1 trident
              (13 damage)
             ... on level 6 of the Dungeon.
             The game lasted 00:06:11 (3256 turns).

M4edhros the Charlatan (Octopode Artificer)         Turns: 3256, Time: 00:06:12

Health: -11/48     AC:  1    Str: 10    XL:     8   Next: 4%
Magic:  13/13      EV: 15    Int: 15    God:
Gold:   134        SH:  0    Dex: 14    Spells: 0 memorised, 7 levels left

rFire  + . .     SeeInvis .     t - +0 short sword (drain)
rCold  . . .     Clarity  .     (no shield)
rNeg   . . .     SustAt   .     (helmet restricted)
rPois  .         Gourm    .     (no amulet)
rElec  +         Spirit   .     (no ring)
rCorr  .         Warding  .     (no ring)
rMut   .         Stasis   .     (no ring)
MR     .....                    (no ring)
Stlth  ++++......               (no ring)
                                (no ring)
                                (no ring)
                                (no ring)

@: not resistant to hostile enchantments, stealthy
A: almost no armour, amphibious, 8 rings, constrict 8, camouflage 1, fire
resistance 1, sense surroundings 1, electricity resistance, gelatinous body 1
a: no special abilities


You were on level 6 of the Dungeon.
You were not hungry.

You visited 1 branch of the dungeon, and saw 6 of its levels.

You collected 134 gold pieces.

Inventory:

Hand Weapons
 a - a +0 short sword
 t - a +0 short sword of draining (weapon)
Missiles
 l - 26 sling bullets
Jewellery
 r - a +3 ring of evasion
Wands
 b - a wand of flame (0)
 c - a wand of enslavement (20)
 d - a wand of random effects (2)
 y - a wand of draining (9)
Scrolls
 f - a scroll of teleportation
 g - a scroll of identify
 m - a scroll of remove curse
 o - a scroll of fog
 q - a scroll of fear
 s - a scroll of random uselessness {unknown}
 x - a scroll of amnesia {unknown}
Potions
 h - a potion of heal wounds {unknown}
 j - 2 potions of mutation {unknown}
 k - a potion of cancellation {unknown}
 p - a potion of flight {unknown}
 z - a potion of poison {unknown}
Books
 i - a book of Party Tricks

   Spells                             Type                      Level
   a - Summon Butterflies             Summoning                    1
   b - Apportation                    Translocation                1
   c - Tukima's Dance                 Hexes                        3
   d - Alistair's Intoxication        Transmutation/Poison         4
   e - Invisibility                   Hexes                        6
 u - Sif Muna's Incunabulum of Bewitchment
   (You found it on level 5 of the Dungeon)

   Spells                             Type                      Level
   a - Corona                         Hexes                        1
 v - Vehumet's Grimoire of Battle Magic
   (You found it on level 5 of the Dungeon)

   Spells                             Type                      Level
   a - Magic Dart                     Conjuration                  1
 w - Kikubaaqudgha's Grimoire of Evil
   (You found it on level 5 of the Dungeon)

   Spells                             Type                      Level
   a - Animate Skeleton               Necromancy                   1
Comestibles
 e - 6 bread rations
 n - 3 meat rations


   Skills:
 - Level 1.0 Fighting
 - Level 1.0 Short Blades
 + Level 5.9 Dodging
 + Level 4.9 Stealth
 + Level 7.2 Evocations


You had 7 spell levels left.
You didn't know any spells.

Dungeon Overview and Level Annotations

Branches:
Dungeon (6/15)
 Temple: D:4-7

Altars:
Cheibriados
Kikubaaqudgha
Makhleb
Nemelex Xobeh
Sif Muna
Vehumet
Xom
Zin

Annotations:
D:3 youngkai's ghost, amateur SpAr
D:4 brucemayne's ghost, amateur DsAs


Innate Abilities, Weirdness & Mutations

You cannot wear most types of armour.
You are amphibious.
You can wear up to eight rings at the same time.
You can use your tentacles to constrict eight enemies at once.
Your skin changes colour to match your surroundings (Stealth).
Your rubbery body absorbs attacks (AC +1).
Your flesh is heat resistant.
You passively map a small area around you.
You are resistant to electric shocks.


Message History

You hear a shout! x2
You hear a bark! x3
The gnoll sergeant hits you with an enchanted trident.
* * * LOW HITPOINT WARNING * * *
Unknown command.
Evoke which item? (* to show all) (? for menu, Esc to quit)
Zapping:
d - a wand of random effects (3)
Press: ? - help, Shift-Dir - straight line, f/p - gnoll sergeant
Aim: a gnoll sergeant, wielding an enchanted trident and wearing a shiny scale mail (moderately wounded, constricted by you, lightly drained)
The fireball explodes!
The fireball engulfs the gnoll sergeant.
The gnoll sergeant is moderately wounded.
The fireball engulfs you! You resist.
* * * LOW HITPOINT WARNING * * *
The fireball engulfs the gnoll.
You kill the gnoll!
This wand has 2 charges left.
You constrict the gnoll sergeant.
You hear a bark!
The gnoll sergeant hits you with an enchanted trident!
You die...

,
......#..####.#..
* * * #.......#
#.#.. **,
#..###.## #.#.. *
######..# #.#
#.#..
####.......###.#
#....
#??)..o.#......#
#####
Y.##.##.######## ,
,, # #.# #######
,, ,
#@##########......
, *
#g##><..........##
, , *
#g##..#.##...##<..
..##..#..#...####.
**
####..##.#...####.
#..............
#.......######.
#####.### *, #.# ,


You could see a gnoll sergeant, a gnoll and an orc.

Vanquished Creatures
  A sky beast (D:4)
  An ogre (D:5)
  A centaur (D:5)
  2 scorpions
  A jelly (D:5)
  A giant frog zombie (D:5)
  An orc priest (D:5)
  4 hounds
  An iguana (D:5)
  Jessica (D:2)
  An orc wizard (D:3)
  3 worker ants (D:5)
  An adder (D:4)
  6 gnolls
  2 worms
  An adder skeleton (D:4)
  2 giant geckos
  12 orcs
  A ball python (D:1)
  3 bats
  2 giant cockroaches
  2 goblins
  3 hobgoblins
  3 quokkas
  A giant cockroach zombie (D:6)
  3 giant newts
  2 jackals (D:4)
  2 kobolds
  A quokka skeleton (D:4)
  4 rats (D:1)
69 creatures vanquished.

Vanquished Creatures (collateral kills)
  An orc (D:5)
1 creature vanquished.

Vanquished Creatures (others)
  An orc wizard (D:5)
1 creature vanquished.

Grand Total: 71 creatures vanquished

Notes
Turn   | Place    | Note
--------------------------------------------------------------
     0 | D:1      | M4edhros the Octopode Artificer began the quest for the Orb.
     0 | D:1      | Reached XP level 1. HP: 13/13 MP: 3/3
   115 | D:1      | Reached XP level 2. HP: 16/18 MP: 4/4
   318 | D:2      | Noticed Jessica
   324 | D:2      | Killed Jessica
   324 | D:2      | Reached skill level 4 in Evocations
   324 | D:2      | Reached XP level 3. HP: 16/23 MP: 4/6
   742 | D:2      | Reached XP level 4. HP: 17/28 MP: 7/7
  1045 | D:3      | Noticed youngkai's ghost (amateur SpAr)
  1046 | D:3      | Reached skill level 5 in Evocations
  1046 | D:3      | Reached XP level 5. HP: 31/33 MP: 8/8
  1200 | D:4      | Found a glowing silver altar of Zin.
  1200 | D:4      | Found a burning altar of Makhleb.
  1201 | D:4      | Noticed a green death
  1201 | D:4      | Noticed an angel
  1212 | D:4      | Reached XP level 6. HP: 11/38 MP: 8/10
  1249 | D:4      | Noticed brucemayne's ghost (amateur DsAs)
  1311 | D:4      | Noticed a sky beast
  1339 | D:4      | a sky beast (ally) was killed
  1339 | D:4      | Reached skill level 6 in Evocations
  1348 | D:4      | Gained mutation: You are resistant to electric shocks. [mutagenic meat]
  1349 | D:4      | Gained mutation: You are weak. (Str -2) [mutagenic meat]
  1350 | D:4      | Lost mutation: You are weak. (Str -2) [mutagenic meat]
  1351 | D:4      | Gained mutation: You passively map a small area around you. [mutagenic meat]
  1352 | D:4      | Gained mutation: Your flesh is heat resistant. [mutagenic meat]
  1712 | D:4      | Reached skill level 5 in Dodging
  1763 | D:5      | Entered Level 5 of the Dungeon
  1773 | D:5      | Reached XP level 7. HP: 43/43 MP: 11/11
  1917 | D:5      | Found a shimmering altar of Xom.
  1962 | D:5      | Found a sparkling altar of Nemelex Xobeh.
  2838 | D:5      | Found a radiant altar of Vehumet.
  2841 | D:5      | Found a deep blue altar of Sif Muna.
  2841 | D:5      | Found an ancient bone altar of Kikubaaqudgha.
  2845 | D:5      | Identified Sif Muna's Incunabulum of Bewitchment
  2853 | D:5      | Identified Vehumet's Grimoire of Battle Magic
  2860 | D:5      | Identified Kikubaaqudgha's Grimoire of Evil
  2898 | D:5      | Reached skill level 7 in Evocations
  2902 | D:5      | Found a snail-covered altar of Cheibriados.
  3215 | D:6      | Reached XP level 8. HP: 42/48 MP: 13/13
  3256 | D:6      | HP: 2/48 [shot self (8)]
  3256 | D:6      | Mangled by a gnoll sergeant

Vault maps used:
D:1:      sevenhm_arrival_forest_fort_small_6
D:2:      nicolae_qazlal_style_of_elements, kennysheep_generic_room_3,
          uniq_natasha, uniq_jessica, uniq_terence
D:3:      ashenzari_altar_1, minmay_misc_feat_x, uniq_grinder
D:4:      grunt_temple_overflow_order_and_chaos_2
D:5:      grunt_temple_overflow_magic_moments, cheibrodos_worm_habitat,
          overflow_temple_1_default, kennysheep_little_box, first_bread
D:6:      grunt_temple_overflow_holy_war

Action                   |  1- 3 |  4- 6 |  7- 9 || total
-------------------------+-------+-------+-------++-------
Melee: Short sword       |    46 |    62 |    77 ||   185
Evoke: Wand              |     2 |    19 |    11 ||    32
  Use: Scroll            |     7 |       |     2 ||     9
 Stab: Sleeping          |     9 |     7 |     3 ||    19
  Eat: Chunk             |       |     8 |     4 ||    12
